 Dungeon Crawl Stone Soup version 0.30-a0-782-ge64f9170bb (webtiles) character file.

Game seed: 3805855770873111788

965 Errthou the Cleaver (level 8, -4/59 (73) HPs)
             Began as a Hill Orc Monk on Feb 18, 2023.
             Slain by a wight
             ... wielding a +4 halberd
              (15 damage)
             ... on level 6 of the Dungeon on Feb 19, 2023.
             The game lasted 00:26:07 (5877 turns).

Errthou the Cleaver (Hill Orc Monk)                 Turns: 5877, Time: 00:26:08

HP:   -4/59 (73)    AC:  9    Str: 16    XL:     8   Next: 15%
MP:   8/8           EV:  7    Int: 16    God:
Gold: 230           SH:  0    Dex: 19    Spells: 7/7 levels left

rFire   . . .      SeeInvis .    a - +0 hand axe
rCold   . . .      Faith    .    (no shield)
rNeg    . . .      Spirit   .    n - +0 chain mail
rPois   .          Reflect  .    (no helmet)
rElec   .          Harm     .    (no cloak)
rCorr   .          Rampage  .    w - +0 pair of gloves
Will    .....                    (no boots) Stlth
                                 c - amulet of regeneration
HPRegen 1.09/turn                m - +6 ring of dexterity
MPRegen 0.11/turn                q - +6 ring of intelligence

@: heavily drained
A: no striking features
a: no special abilities


You were on level 6 of the Dungeon.
You visited 1 branch of the dungeon, and saw 6 of its levels.

You collected 230 gold pieces.

Inventory:

Hand Weapons
 a - a +0 hand axe (weapon)
Armour
 n - a +0 chain mail (worn)
 w - a +0 pair of gloves (worn)
Jewellery
 c - an amulet of regeneration (around neck)
 m - a +6 ring of dexterity (left hand)
 q - a +6 ring of intelligence (right hand)
 t - a ring of positive energy
Wands
 v - a wand of polymorph (9)
Scrolls
 e - 3 scrolls of teleportation
 h - a scroll of poison
 k - a scroll of magic mapping {unknown}
 l - a scroll of vulnerability {unknown}
 o - a scroll of noise {unknown}
 p - 2 scrolls of amnesia
 r - a scroll of fear
 u - a scroll of immolation {unknown}
 x - a scroll of brand weapon {unknown}
Potions
 b - a potion of lignification {unknown}
 d - a potion of resistance
 f - 3 potions of flight
 g - 2 potions of might
 i - 2 potions of berserk rage
 j - a potion of brilliance
 s - a potion of heal wounds {unknown}


   Skills:
 + Level 7.2 Fighting
 * Level 10.5 Axes
 - Level 2.4 Dodging
 - Level 1.5 Stealth


You had 7 spell levels left.
You didn't know any spells.
Your spell library contained the following spells:

 Spells                   Type           Power      Damage    Failure   Level
 Call Canine Familiar     Summ           0%         N/A       100%        3
 Ignite Poison            Fire/Tmut/Pois 0%         N/A       100%        3
 Kindle Blastsparks       Fire/Tloc/Air  0%         2d10      100%        3
 Portal Projectile        Hex/Tloc       0%         N/A       100%        3
 Vhi's Electric Charge    Tloc/Air       0%         N/A       100%        3
 Leda's Liquefaction      Hex/Erth       0%         N/A       100%        4
 Arcjolt                  Conj/Air       0%         1d10      100%        5
 Freezing Cloud           Conj/Ice/Air   0%         6-21      100%        5
 Maxwell's Capacitive Co  Air            0%         ∞         100%        8


Dungeon Overview and Level Annotations

Branches:
Dungeon (6/15)             Temple (0/1) D:4

Altars:
Cheibriados
Nemelex Xobeh
Trog
Vehumet

Shops:
D:3 :

Annotations:
D:3 2 transporters, TimeIsEndless's ghost, amateur FeFi
D:4 3 runed translucent doors, TryHard88's ghost, amateur MiFi
D:6 Dowan; Duvessa


Message History

You closely miss the wight. The wight barely misses you.
You hit the wight but do no damage. The wight completely misses you.
You hit the wight but do no damage. The wight hits you with a +4 halberd!
You feel drained.
You barely miss the wight. The wight hits you with a +4 halberd.
You hit the wight.
The wight is lightly damaged.
You closely miss the wight.
The wight is lightly damaged.
The wight hits you with a +4 halberd.
You feel drained.
You hit the wight but do no damage. You punch the wight, but do no damage.
The wight is lightly damaged.
The wight hits you with a +4 halberd.
You feel drained.
You hit the wight.
The wight is moderately damaged.
The wight hits you with a +4 halberd!
You feel drained.
You hit the wight.
The wight is heavily damaged.
You hit the wight but do no damage.
The wight is heavily damaged.
The wight barely misses you.
You barely miss the wight.
The wight is heavily damaged.
The wight hits you with a +4 halberd!
You feel drained.
You hit the wight but do no damage.
The wight is heavily damaged.
The wight barely misses you.
You slash the wight!
The wight is almost destroyed.
The wight hits you with a +4 halberd!
You hit the wight.
The wight is almost destroyed.
You barely miss the wight.
The wight is almost destroyed.
The wight hits you with a +4 halberd!
* * * LOW HITPOINT WARNING * * *
You hit the wight but do no damage.
The wight is almost destroyed.
The wight hits you with a +4 halberd!
You die...

#..###.....###.#
#.#............#
#<#............# #
#......._......#
#.#.#...........##
.#.#...........#
..####.....####
##z# #.....#
#@####.....#
#........###
##########


You could see a wight.

Vanquished Creatures
  An ogre (D:5)
  A centaur (D:5)
  2 phantoms
  A necrophage (D:6)
  3 scorpions (D:5)
  A wight (D:5)
  A hound (D:5)
  4 iguanas
  4 gnolls (D:3)
  7 adders
  A shadow imp (D:5)
  A white imp (D:5)
  4 worms
  9 orcs
  7 bats
  8 endoplasms
  4 giant cockroaches
  7 goblins
  6 hobgoblins
  15 jackals
  5 quokkas
  7 ball pythons
  5 frilled lizards
  5 kobolds
  13 rats
122 creatures vanquished.

Notes
Turn   | Place    | Note
-------+----------+-------------------------------------------
     0 | D:1      | Errthou the Hill Orc Monk began the quest for the Orb.
     0 | D:1      | Reached XP level 1. HP: 19/19 MP: 1/1
   174 | D:1      | Reached XP level 2. HP: 25/27 MP: 2/2
   330 | D:1      | Reached skill level 5 in Axes
   341 | D:1      | Reached XP level 3. HP: 28/33 MP: 3/3
  1387 | D:2      | Found a faded altar of an unknown god.
  1575 | D:2      | Reached XP level 4. HP: 37/41 MP: 4/4
  1664 | D:2      | HP: 2/41 [poisoned by an adder]
  1927 | D:2      | Reached skill level 6 in Axes
  2197 | D:3      | Found a transporter.
  2197 | D:3      | Noticed TimeIsEndless's ghost (amateur FeFi)
  2211 | D:3      | Found a transporter.
  2274 | D:3      | Found a sparkling altar of Nemelex Xobeh.
  2393 | D:3      | Reached XP level 5. HP: 47/47 MP: 5/5
  2540 | D:3      | Reached skill level 5 in Fighting
  2718 | D:3      | Found Pepopp's Book Shoppe.
  2775 | D:3      | Reached skill level 7 in Axes
  3031 | D:4      | Found a runed translucent gate.
  3031 | D:4      | Found a runed translucent gate.
  3031 | D:4      | Found a runed translucent gate.
  3032 | D:4      | Noticed a kobold brigand
  3032 | D:4      | Noticed TryHard88's ghost (amateur MiFi)
  3367 | D:4      | Found a staircase to the Ecumenical Temple.
  3687 | D:4      | Found a bloodstained altar of Trog.
  3906 | D:5      | Entered Level 5 of the Dungeon
  3917 | D:5      | Reached XP level 6. HP: 53/56 MP: 6/6
  4152 | D:5      | Reached skill level 8 in Axes
  4538 | D:6      | HP: 1/57 [phantom (3)]
  4564 | D:6      | Reached XP level 7. HP: 31/63 MP: 7/7
  4637 | D:5      | Found a radiant altar of Vehumet.
  4671 | D:6      | Reached skill level 9 in Axes
  4800 | D:5      | Reached skill level 10 in Axes
  4903 | D:5      | Reached XP level 8. HP: 61/73 MP: 8/8
  5387 | D:6      | Found a snail-covered altar of Cheibriados.
  5782 | D:6      | Noticed Duvessa
  5782 | D:6      | Noticed Dowan
  5877 | D:6      | Slain by a wight

Illustrated notes

Levels and vault maps discovered:
D:1:      heliophobic_arrival_ceremonial_halls, layout_basic,
          minmay_pentomino_x2
D:2:      layout_basic, ebering_ecumenical_altar_sacrificial
D:3:      layout_basic, nemelex_xobeh_ov_fountains_minmay, serial_shops,
          shop_statue, gammafunk_ghost_arena, grunt_decor_fettered,
          minmay_mini_jars
D:4:      layout_basic, trog_three_pillars_becter, lemuel_temple_firewalk_a,
          gammafunk_ghost_nasty_kobolds, serial_park_tiny_1
D:5:      layout_cave_pods, nicolae_overflow_hidden_temple
D:6:      layout_loops_ring, nicolae_gozag_seed_capital, slow_altar_1,
          nicolae_figureground_pulse, uniq_sigmund, uniq_eustachio,
          uniq_duvessa, uniq_pikel, uniq_blork_the_orc

Skill      XL: |  1  2  3  4  5  6  7 |
---------------+----------------------+-----
Fighting       | 4 5 6 7 |  7.2
Axes           | 5 6 7 8 10 | 10.5
Dodging        | |  2.4
Stealth        | |  1.5

Action                     |  1- 3 |  4- 6 |  7- 9 || total
---------------------------+-------+-------+-------++-------
  Melee: Hand axe          |   158 |   265 |   118 ||   541
         Punch             |       |     1 |     1 ||     2
    Use: Potion            |       |     4 |     1 ||     5
         Scroll            |       |     2 |     8 ||    10
 Armour: Ring mail         |    10 |       |       ||    10
         Scale mail        |    58 |       |       ||    58
         Chain mail        |    14 |   125 |    38 ||   177
  Dodge: Dodged            |    81 |   110 |    33 ||   224

Table legend: (Time is in decaauts)
 A = Elapsed time spent in this place.
 B = Non-inter-level travel time spent in this place.
 C = Inter-level travel time spent in this place.
 D = Time resting spent in this place.
 E = Time spent auto-exploring this place.
 F = Levels seen in this place.
 G = Mean time per level.
                   A        B        C        D        E       F      G
               +--------+--------+--------+--------+--------+-----+--------+
         Total |   5858 |   5427 |    431 |    855 |   3342 |   6 |  976.3 |
       Dungeon |   5858 |   5427 |    431 |    855 |   3342 |   6 |  976.3 |
               +--------+--------+--------+--------+--------+-----+--------+

Top non-repeatable levels by time:
     D:5: 1588 daAuts
     D:1: 1198 daAuts
     D:4: 998 daAuts
     D:2: 889 daAuts
     D:3: 857 daAuts
     D:6: 326 daAuts
